 Dungeon Crawl Stone Soup version 0.15.2 (webtiles) character file.

206 PolkaDot the Vexing (level 5, 0/35 HPs)
             Began as a Vampire Enchanter on Nov 17, 2014.
             Slain by a gnoll
             ... wielding a +0 spear
              (3 damage)
             ... on Level 3 of the Dungeon.
             The game lasted 00:06:14 (3122 turns).

PolkaDot the Vexing (Vampire Enchanter)             Turns: 3122, Time: 00:06:14

HP   0/35        AC  5     Str  7      XL: 5   Next: 53%
MP   0/9         EV 12     Int 18      God:
Gold 105         SH  0     Dex 14      Spells:  3 memorised,  2 levels left

rFire  . . .     SeeInvis +     a - +1 dagger
rCold  + + .     Clarity  .     b - +1 robe
rNeg   + + +     rCorr    .     (no shield)
rPois  +         rRot     +     (no helmet)
rElec  .         Spirit   .     (no cloak)
SustAb .         Warding  .     (no gloves)
rMut   .         Stasis   .     m - +1 pair of boots
Gourm  .                        (no amulet)
MR     .....                    (no ring)
                                (no ring)

@: bloodless, non-regenerating, not resistant to hostile enchantments, stealthy
A: fangs 3, see invisible, unbreathing
a: Bat Form


You were on level 3 of the Dungeon.
You were bloodless.

You visited 1 branch of the dungeon, and saw 3 of its levels.

You collected 105 gold pieces.

Inventory:

Hand weapons
 a - a +1 dagger (weapon)
Armour
 b - a +1 robe (worn)
 m - a +1 pair of boots (worn)
Scrolls
 e - 2 scrolls of teleportation {unknown}
 g - a scroll of identify {unknown}
 j - a scroll of recharging {unknown}
 k - a scroll of magic mapping {unknown}
 l - 2 scrolls of blinking {unknown}
 o - 2 scrolls of remove curse {unknown}
 p - 2 scrolls of fear {unknown}
 q - 2 scrolls of amnesia {unknown}
 u - a scroll of enchant armour {unknown}
Jewellery
 f - an uncursed ring of fire {unknown}
 i - a +1 ring of intelligence {unknown}
Potions
 h - 3 potions of flight
Books
 c - a book of Maledictions

   Spells                             Type                      Level
   *Corona                            Hexes                        1
   Sure Blade                         Hexes/Charms                 2
   *Ensorcelled Hibernation           Hexes/Ice                    2
   *Confuse                           Hexes                        3
   Dazzling Spray                     Conjuration/Hexes            3
   Enslavement                        Hexes                        4


   Skills:
 + Level 3.4 Short Blades
 - Level 2.1 Dodging
 + Level 5.6 Stealth
 - Level 2.0 Spellcasting
 * Level 6.9 Hexes
 - Level 1.0 Ice Magic


You had 2 spell levels left.
You knew the following spells:

 Your Spells              Type           Power        Failure   Level  Hunger
a - Corona                Hex            ####...      1%          1    #......
c - Confuse               Hex            ####....     3%          3    ####...
d - Ensorcelled Hibernat  Hex/Ice        ###...       8%          2    ##.....


Dungeon Overview and Level Annotations

Branches:
Dungeon (3/15)

Altars:
Ashenzari
Dithmenos
Nemelex Xobeh


Innate Abilities, Weirdness & Mutations

You do not heal naturally.
You have razor-sharp teeth.
You have supernaturally acute eyesight.
You can survive without breathing.


Message History

You hit the gnoll but do no damage.
The gnoll hits you from afar with a spear.
* * * LOW HITPOINT WARNING * * *
The gnoll closely misses the gnoll.
You hit the gnoll. You bite the gnoll, but do no damage.
The gnoll is lightly wounded.
The gnoll hits you from afar with a spear.
* * * LOW HITPOINT WARNING * * *
You hit the gnoll.
The gnoll is moderately wounded.
You barely miss the gnoll.
The gnoll is moderately wounded.
The gnoll closely misses you.
The gnoll misses the gnoll.
You hit the gnoll.
The gnoll is moderately wounded.
The gnoll barely misses you.
You hit the gnoll.
The gnoll is heavily wounded.
The gnoll hits you from afar with a spear.
You die...

#g##.###...####.....##
...................##
.########.....###..#
## #...#.....## #
##.#####..# ###..#
#..### #....## ##...##
########.#...####.#..#
.%............gg@....#
############..###.####
##.# #.# #.# #.#######
#)###.#.....##
#.)####.###..#
##.##≈#'#≈##.#
#.##_..._##.#
#..#######..#


You could see 2 gnolls.

Vanquished Creatures
  Ijyb (D:2)
  8 gnolls
  5 adders
  A giant mite (D:1)
  A worm (D:2)
  2 giant geckos (D:3)
  2 oozes
  4 giant cockroaches
  4 goblins
  6 hobgoblins
  2 jackals (D:2)
  A quokka (D:3)
  2 bats (D:2)
  A giant newt (D:1)
  9 kobolds
  7 rats
56 creatures vanquished.

Notes
Turn   | Place    | Note
--------------------------------------------------------------
     0 | D:1      | PolkaDot, the Vampire Enchanter, began the quest for the Orb.
     0 | D:1      | Reached XP level 1. HP: 13/13 MP: 3/3
   280 | D:1      | Reached XP level 2. HP: 19/19 MP: 2/4
   387 | D:1      | Learned a level 2 spell: Ensorcelled Hibernation
   502 | D:1      | Reached skill level 5 in Hexes
   813 | D:2      | Reached skill level 1 in Ice Magic
   953 | D:2      | Reached XP level 3. HP: 12/24 MP: 1/6
  1284 | D:2      | Noticed Ijyb
  1315 | D:2      | Killed Ijyb
  1420 | D:2      | Learned a level 3 spell: Confuse
  1599 | D:2      | Reached skill level 6 in Hexes
  1599 | D:2      | Reached XP level 4. HP: 26/30 MP: 0/7
  1619 | D:2      | Reached skill level 5 in Stealth
  2401 | D:3      | Found a sparkling altar of Nemelex Xobeh.
  2404 | D:3      | Reached XP level 5. HP: 35/35 MP: 9/9
  2960 | D:3      | Found a shattered altar of Ashenzari.
  2960 | D:3      | Found a shadowy altar of Dithmenos.
  3122 | D:3      | Slain by a gnoll

Action                   |  1- 3 |  4- 6 || total
-------------------------+-------+-------++-------
Melee: Dagger            |    92 |    90 ||   182
 Cast: Corona            |     3 |       ||     3
       Ensorcelled Hiber |    14 |    18 ||    32
       Confuse           |       |     2 ||     2
  Use: Potion            |       |     6 ||     6
 Stab: Sleeping          |    14 |    15 ||    29
       Distracted        |       |     1 ||     1
